 Dungeon Crawl Stone Soup version 0.30.0-5-g1a98f26d00 (webtiles) character file.

Game seed: 10637712694638709111

171 backslashecho the Slasher (level 5, -7/46 HPs)
             Began as a Draconian Monk on May 9, 2023.
             Mangled by a gnoll
             ... wielding a +0 halberd
             ... led by a gnoll bouda
              (14 damage)
             ... on level 4 of the Dungeon.
             The game lasted 00:03:31 (2283 turns).

backslashecho the Slasher (Draconian Monk)          Turns: 2283, Time: 00:03:31

Health: -7/46      AC:  6    Str: 13    XL:     5   Next: 26%
Magic:  5/5        EV: 13    Int: 16    God:
Gold:   270        SH:  0    Dex: 16    Spells: 4/4 levels left

rFire   . . .        a - +0 falchion
rCold   . . .        c - orb {light}
rNeg    . . .        (body armour unavailable)
rPois   .            (helmet restricted)
rElec   .            (no cloak)
rCorr   .            (no gloves)
SInv    .            g - +0 pair of boots
Will    .....        (no amulet)
Stlth   +            i - +6 ring of intelligence
HPRegen 0.27/turn    h - ring of flight
MPRegen 0.09/turn

%: no passive effects
@: flying, glowing
A: AC +5, unfitting armour, cold-blooded
a: no special abilities


You were on level 4 of the Dungeon.
You visited 1 branch of the dungeon, and saw 4 of its levels.

You collected 270 gold pieces.

Inventory:

Hand Weapons
 a - a +0 falchion (weapon)
Armour
 c - an orb of light (worn)
 g - a +0 pair of boots (worn)
Jewellery
 h - a ring of flight (right hand)
 i - a +6 ring of intelligence (left hand)
Wands
 d - a wand of quicksilver (9)
Scrolls
 f - 2 scrolls of poison
 n - a scroll of magic mapping
Potions
 b - a potion of ambrosia
 e - a potion of might {unknown}
 j - 2 potions of brilliance
 k - 2 potions of curing
 l - 2 potions of flight
 m - a potion of heal wounds {unknown}
 o - a potion of lignification {unknown}


   Skills:
 + Level 4.3 Fighting
 * Level 4.6 Long Blades
 + Level 3.5 Dodging
 - Level 1.0 Unarmed Combat


You had 4 spell levels left.
You didn't know any spells.
Your spell library contained the following spells:

 Spells                   Type           Power      Damage    Failure   Level
 Shock                    Conj/Air       0%         1d3       26%         1
 Frozen Ramparts          Ice            0%         1d1       58%         3
 Ozocubu's Armour         Ice            0%         N/A       58%         3
 Swiftness                Air            0%         N/A       58%         3
 Airstrike                Air            0%         2d(0-16)  94%         4
 Ice Form                 Ice/Tmut       0%         N/A       94%         4
 Summon Ice Beast         Ice/Summ       0%         N/A       94%         4
 Metabolic Englaciation   Hex/Ice        0%         N/A       100%        5
 Simulacrum               Ice/Necr       0%         N/A       100%        6
 Ozocubu's Refrigeration  Ice            0%         4d7       100%        7
 Polar Vortex             Ice            0%         N/A       100%        9


Dungeon Overview and Level Annotations

Branches:
Dungeon (4/15)
 Temple: D:4-7

Altars:
Elyvilon
Zin

Shops:
D:1 [


Innate Abilities, Weirdness & Mutations

Your plain brown scales are hard. (AC +5)
You cannot fit into any form of body armour.
You are cold-blooded and may be slowed by cold attacks.


Message History

You completely miss the orc.
You tail-slap the orc, but do no damage.
The orc hits you with a +0 club.
You take 3 damage, and have 43/46 hp.
You hit the orc.
The orc is moderately wounded.
The orc hits you but does no damage.
You hit the orc but do no damage.
The orc is moderately wounded.
The orc hits you but does no damage.
You hit the orc but do no damage.
Your tail-slap misses the orc.
The orc is moderately wounded.
The orc barely misses you.
You slash the orc!
You kill the orc!
No target in view!
No target in view!
Things that are here:
a +0 club; a +0 ring mail; an orc corpse An iguana comes into view.
Health restored: 46 An iguana is nearby!
An iguana is nearby!
A gnoll bouda comes into view. It is wielding a +0 club.
The iguana hisses angrily.
The gnoll bouda shouts!
The gnoll bouda barks out a call to the hunt!
A gnoll comes into view. It is wielding a +0 halberd.
A gnoll comes into view. It is wielding a +0 flail.
The gnoll shouts!
You hear a shout!
A gnoll comes into view. It is wielding a +0 spear.
Found 9 gold pieces and a leather armour.
You slash the iguana!
The iguana is heavily wounded.
The iguana bites you. The gnoll closely misses you.
You take 4 damage, and have 42/46 hp.
The iguana attacks as you move away! The iguana closely misses you.
You hit the iguana.
The iguana is almost dead.
The iguana bites you!
The gnoll hits you from afar with a +0 halberd!
You take 19 damage, and have 23/46 hp.
MASSIVE DAMAGE!!
The gnoll hits you from afar with a +0 halberd!
* * * LOW HITPOINT WARNING * * *
You take 10 damage, and have 13/46 hp.
MASSIVE DAMAGE!!
The iguana attacks as you move away! The iguana barely misses you.
The iguana attacks as you move away! The iguana bites you!
* * * LOW HITPOINT WARNING * * *
You take 6 damage, and have 7/46 hp.
The gnoll hits you from afar with a +0 halberd!
You die...

### ##. ######...
#.# ###.......[
##.### #..........
#....###.#.#.#....
#......#..........
##........#.#.#....
#......g.gg........
##....@l.g.#.#.#....
#..##....#.........$
#..########.#.##..##
##.## #.#... ## #..#
#.....# ##).###
#....## ###..[..#
...###
#######.†##......#
.##
#.......#######>..


You could see a gnoll bouda, an iguana and 3 gnolls.

Vanquished Creatures
  A scorpion (D:4)
  A hound (D:4)
  3 adders
  A worm (D:3)
  A dart slug (D:2)
  An orc (D:4)
  11 ball pythons
  2 endoplasms (D:1)
  A giant cockroach (D:1)
  3 goblins (D:1)
  7 hobgoblins
  3 jackals (D:2)
  5 kobolds
  2 quokkas
  5 bats
  2 frilled lizards
  5 rats
54 creatures vanquished.

Notes
Turn   | Place    | Note
-------+----------+-------------------------------------------
     0 | D:1      | backslashecho the Draconian Monk began the quest for the
                  | Orb.
     0 | D:1      | Reached XP level 1. HP: 19/19 MP: 1/1
   125 | D:1      | Reached XP level 2. HP: 18/26 MP: 2/2
   225 | D:1      | Found Gomes's Antique Armour Boutique.
   513 | D:1      | Reached skill level 1 in Unarmed Combat
   561 | D:1      | Reached XP level 3. HP: 31/31 MP: 3/3
   954 | D:2      | Found a faded altar of an unknown god.
  1593 | D:3      | Reached XP level 4. HP: 40/40 MP: 4/4
  1601 | D:3      | Found a glowing silver altar of Zin.
  1658 | D:3      | Found a white marble altar of Elyvilon.
  2117 | D:4      | Noticed a scorpion
  2139 | D:4      | Killed a scorpion
  2140 | D:4      | Reached XP level 5. HP: 44/46 MP: 5/5
  2283 | D:4      | Mangled by a gnoll

Illustrated notes

Levels and vault maps discovered:
D:1:      dpeg_arrival_more_subterranean_lakeside_camping, layout_basic,
          serial_shops, nicolae_shop_waterfront, grunt_decor_arrowhead
D:2:      layout_basic, dreamdust_ecumenical_altar_grove, serial_bayou_pond_a
D:3:      layout_loops_ring, elyvilon_altar_3, zin_statuary
D:4:      layout_cave_pods, overflow_temple_1_default, serial_glass,
          glass_columns_c, glass_columns_b

Skill      XL: |  1  2  3  4 |
---------------+-------------+-----
Unarmed Combat | 1 |  1.0
Dodging        | 3 |  3.5
Long Blades    | 4 |  4.6
Fighting       | 4 |  4.3

Action                     |  1- 3 |  4- 6 || total
---------------------------+-------+-------++-------
  Melee: Falchion          |    98 |    35 ||   133
         Tailslap          |    13 |     7 ||    20
  Evoke: Wand              |       |     1 ||     1
    Use: Scroll            |     5 |       ||     5
 Armour: Skin              |    45 |    11 ||    56
  Dodge: Dodged            |    80 |    23 ||   103
